 Dungeon Crawl Stone Soup version 0.17.1-3-g152610e (webtiles) character file.

446 kaze the Ruffian (level 6, -3/62 HPs)
             Began as a Troll Berserker on Mar 21, 2016.
             Was a Priest of Trog.
             Slain by a giant frog (9 damage)
             ... on level 4 of the Dungeon.
             The game lasted 00:04:49 (2020 turns).

kaze the Ruffian (Troll Berserker)                  Turns: 2020, Time: 00:04:49

Health: -3/62      AC:  5    Str: 28    XL:     6   Next: 73%
Magic:  5/5        EV: 11    Int:  3    God:    Trog [***...]
Gold:   151        SH:  0    Dex:  9    Spells: 0 memorised, 5 levels left

rFire  + . .     SeeInvis .     a - +0 great mace
rCold  . . .     Clarity  .     v - +0 animal skin
rNeg   . . .     SustAt   .     (shield currently unavailable)
rPois  .         Gourm    +     (helmet restricted)
rElec  .         Spirit   .     (no cloak)
rCorr  .         Warding  .     (gloves unavailable)
rMut   .         Stasis   .     (boots unavailable)
MR     ++...                    (no amulet)
Stlth  +.........               (no ring)
                                p - ring of protection from fire

@: lethally poisoned (-3 -> -3), regenerating, very resistant to hostile
enchantments, very unstealthy
A: unfitting armour, claws 3, fast metabolism 3, gourmand, regeneration 2,
shaggy fur 1, tough skin 2
a: Berserk, Trog's Hand, Burn Spellbooks, Renounce Religion


You were on level 4 of the Dungeon.
You worshipped Trog.
Trog was most pleased with you.
You were very full.

You visited 1 branch of the dungeon, and saw 4 of its levels.

You collected 151 gold pieces.

Inventory:

Hand Weapons
 a - a +0 great mace (weapon)
Missiles
 g - 14 bolts of frost
 h - 11 bolts
 k - 11 sling bullets
 t - 16 arrows of frost
 u - 14 arrows
Armour
 v - a +0 animal skin (worn)
Jewellery
 p - a ring of protection from fire (left claw)
Scrolls
 c - 2 scrolls of enchant weapon {unknown}
 d - 2 scrolls of teleportation {unknown}
 e - 2 scrolls of noise {unknown}
 l - 2 scrolls of identify {unknown}
 m - 2 scrolls of recharging {unknown}
 n - a scroll of magic mapping {unknown}
 o - a scroll of fog {unknown}
Potions
 i - 4 potions of lignification {unknown}
 j - a potion of degeneration {unknown}
 q - a potion of heal wounds {unknown}
 r - a potion of ambrosia {unknown}
 s - a potion of brilliance {unknown}
 w - a potion of curing {unknown}
Comestibles
 b - 3 bread rations
 f - a meat ration
 x - 5 chunks of flesh


   Skills:
 + Level 3.6 Fighting
 + Level 1.4 Maces & Flails
 + Level 4.4 Dodging
 + Level 0.1 Stealth
 + Level 4.6 Unarmed Combat


You had 5 spell levels left.
You didn't know any spells.

Dungeon Overview and Level Annotations

Branches:
Dungeon (4/15)
 Temple: D:4-7

Altars:
Ru


Innate Abilities, Weirdness & Mutations

You are too large for most types of armour.
You have claws for hands.
Your metabolism is lightning-fast.
You like to eat raw meat.
You heal very quickly.
You are covered in fur (AC +1).
You have very tough skin (AC +2).


Message History

The giant frog is lightly wounded.
You feel sick.
The giant frog hits you but does no damage.
The giant frog hits you. x2
* * * LOW HITPOINT WARNING * * *
You are too injured to fight recklessly!
You are too injured to fight recklessly!
You are too injured to fight recklessly!
You are too injured to fight recklessly!
You are too injured to fight recklessly!
Your skin crawls.
You feel resistant to hostile enchantments.
You feel slightly less full. The giant frog hits you.
* * * LOW HITPOINT WARNING * * *
You sock the giant frog!
The giant frog is severely wounded.
You feel sick. The giant frog hits you!
* * * LOW HITPOINT WARNING * * *
The giant frog hits you!
You die...

.......# ... ##.
.......####[.##...
........##.......
................
............(#
..........># ##F..†..#
##.?@...######
#...!.....<..########
........................
#................†......
#.......................
#...........)............
#....>...................
#...##...................
##.............$...#


You could see a giant frog.

Vanquished Creatures
  Menkaure (D:4)
  A scorpion (D:3)
  2 orc priests (D:3)
  A hound (D:4)
  A worker ant (D:4)
  2 orc wizards (D:3)
  3 adders
  An ooze (D:3)
  3 worms (D:2)
  6 orcs (D:3)
  4 giant cockroaches
  9 goblins
  8 hobgoblins
  2 jackals (D:2)
  8 kobolds
  A quokka (D:3)
  2 ball pythons
  3 bats
  2 giant geckos
  2 giant newts
  13 rats
75 creatures vanquished.

Notes
Turn   | Place    | Note
--------------------------------------------------------------
     0 | D:1      | kaze the Troll Berserker began the quest for the Orb.
     0 | D:1      | Reached XP level 1. HP: 22/22 MP: 0/0
   378 | D:1      | Reached XP level 2. HP: 29/29 MP: 1/1
   693 | D:2      | Reached ** piety under Trog
   751 | D:2      | Reached XP level 3. HP: 29/36 MP: 2/2
  1350 | D:3      | Reached skill level 4 in Unarmed Combat
  1350 | D:3      | Reached XP level 4. HP: 21/45 MP: 3/3
  1353 | D:3      | Reached *** piety under Trog
  1540 | D:3      | Reached XP level 5. HP: 53/53 MP: 4/4
  1872 | D:3      | Reached XP level 6. HP: 50/61 MP: 5/5
  1876 | D:3      | Found a sacrificial altar of Ru.
  1990 | D:4      | Reached skill level 1 in Maces & Flails
  1997 | D:4      | Noticed Menkaure
  2001 | D:4      | Killed Menkaure
  2020 | D:4      | Slain by a giant frog

Action                   |  1- 3 |  4- 6 || total
-------------------------+-------+-------++-------
Melee: Unarmed           |   110 |    24 ||   134
       Great mace        |       |    67 ||    67
Invok: Berserk           |       |     2 ||     2
       Trog's Hand       |       |     1 ||     1
 Stab: Sleeping          |       |     1 ||     1
  Eat: Chunk             |    14 |    12 ||    26
